 Dungeon Crawl Stone Soup version 0.28-a0-828-g0121872642 (webtiles) character file.

Game seed: 11431979723759078498

35 flotson the Skirmisher (level 3, 0/33 HPs)
             Began as a Hill Orc Fighter on Nov 10, 2021.
             Slain by a hobgoblin (4 damage)
             ... led by Robin
             ... on level 2 of the Dungeon.
             The game lasted 00:01:58 (885 turns).

flotson the Skirmisher (Hill Orc Fighter)            Turns: 885, Time: 00:02:01

Health: 0/33       AC:  6    Str: 19    XL:     3   Next: 35%
Magic:  3/3        EV:  9    Int:  8    God:
Gold:   32         SH:  4    Dex: 10    Spells: 2/2 levels left

rFire   . . .      SeeInvis .   a - +0 war axe
rCold   . . .      Faith    .   c - +0 buckler
rNeg    . . .      Spirit   .   b - +0 scale mail
rPois   .          Reflect  .   (no helmet)
rElec   .          Harm     .   (no cloak)
rCorr   .          Rampage  .   (no gloves)
Will    .....                   (no boots)
Stlth   ..........              (no amulet)
HPRegen 0.11/turn               (no ring)
MPRegen 0.08/turn               (no ring)

@: mighty
A: no striking features
a: no special abilities


You were on level 2 of the Dungeon.
You visited 1 branch of the dungeon, and saw 2 of its levels.

You collected 32 gold pieces.

Inventory:

Hand Weapons
 a - a +0 war axe (weapon)
Armour
 b - a +0 scale mail (worn)
 c - a +0 buckler (worn)
Jewellery
 g - a ring of fire
Scrolls
 e - a scroll of holy word {unknown}
 f - a scroll of identify {unknown}
 j - 4 scrolls of enchant weapon {unknown}
Potions
 d - a potion of might
 h - a potion of curing {unknown}
 i - a potion of brilliance {unknown}


   Skills:
 + Level 4.0 Fighting
 + Level 3.2 Axes
 + Level 3.6 Armour
 + Level 0.8 Dodging
 + Level 3.6 Shields


You had 2 spell levels left.
You didn't know any spells.
Your spell library was empty.

Dungeon Overview and Level Annotations

Branches:
Dungeon (2/15)

Altars:


Message History

You have reached level 3!
Your experience leads to an increase in your attributes!
Increase (S)trength, (I)ntelligence, or (D)exterity?
You feel stronger.
You hit Robin.
You kill Robin!
You hit the hobgoblin.
You kill the hobgoblin!
You hit the hobgoblin. You block the hobgoblin's attack.
The hobgoblin hits you.
Your Fighting skill increases to level 4!
You hit the hobgoblin but do no damage.
The hobgoblin is heavily wounded.
You closely miss the goblin.
The hobgoblin no longer looks unusually strong.
A hobgoblin comes into view. It is wielding a +0 dagger.
The goblin barely misses you.
You closely miss the hobgoblin.
The hobgoblin is heavily wounded.
You closely miss the goblin. The goblin hits you with a +0 club.
A giant cockroach comes into view.
The hobgoblin hits you.
* * * LOW HITPOINT WARNING * * *
The hobgoblin hits you.
* * * LOW HITPOINT WARNING * * *
The goblin closely misses you.
Okay, then.
Unknown command.
Okay, then.
You feel very mighty all of a sudden.
The hobgoblin hits you but does no damage.
The hobgoblin barely misses you. You block the goblin's attack.
You closely miss the hobgoblin.
The hobgoblin is heavily wounded.
You closely miss the goblin. You slash the hobgoblin!
You kill the hobgoblin!
The goblin no longer looks unusually strong.
The hobgoblin barely misses you. The goblin hits you but does no damage.
The hobgoblin hits you with a +0 dagger.
You die...

# #...........# #.#
+...........# #.#
#...........####.#
#............†...#
######............#####
#.................#
+...............†.#
####.....gg).........#
.....$..Bg@).........#
###.....B######+#....#
.........# #.##.###
........## #.##.# .#
#######.# #####....#
#.# .g#
#.....########### #.#
.g. #.##.#...........
#.#


B.B #.....######### #.# #...#.# # You could see 2 giant cockroaches, 2
hobgoblins and a goblin.

Vanquished Creatures
  Robin (D:2)
  2 bats (D:2)
  4 giant cockroaches (D:2)
  4 goblins (D:2)
  5 hobgoblins (D:2)
  A quokka (D:2)
  2 frilled lizards
  A kobold (D:1)
  3 rats (D:1)
23 creatures vanquished.

Notes
Turn   | Place    | Note
-------+----------+-------------------------------------------
     0 | D:1      | flotson the Hill Orc Fighter began the quest for the Orb.
     0 | D:1      | Reached XP level 1. HP: 19/19 MP: 1/1
   685 | D:2      | Reached XP level 2. HP: 25/27 MP: 2/2
   869 | D:2      | Noticed Robin
   881 | D:2      | Reached XP level 3. HP: 20/33 MP: 3/3
   881 | D:2      | Killed Robin
   882 | D:2      | Reached skill level 4 in Fighting
   885 | D:2      | Slain by a hobgoblin

Illustrated notes

Levels and vault maps discovered:
D:1:      scummos_arrival_hexagon, layout_basic
D:2:      minmay_roachtagon, layout_basic, minmay_tromino_v4_a, uniq_robin

Skill      XL: |  1  2  3 |
---------------+----------+-----
Axes           | 3 |  3.2
Fighting       | 4 |  4.0
Armour         | |  3.6
Dodging        | |  0.8
Shields        | |  3.6

Action                   || total
-------------------------++-------
Melee: War axe           ||    56
  Use: Potion            ||     1
Armor: Scale mail        ||    31
Dodge: Dodged            ||    34
Block: Buckler           ||    18

Table legend: (Time is in decaauts)
 A = Elapsed time spent in this place.
 B = Non-inter-level travel time spent in this place.
 C = Inter-level travel time spent in this place.
 D = Time resting spent in this place.
 E = Time spent auto-exploring this place.
 F = Levels seen in this place.
 G = Mean time per level.
                   A        B        C        D        E       F      G
               +--------+--------+--------+--------+--------+-----+--------+
         Total |    905 |    869 |     36 |      0 |    703 |   2 |  452.5 |
       Dungeon |    905 |    869 |     36 |      0 |    703 |   2 |  452.5 |
               +--------+--------+--------+--------+--------+-----+--------+

Top non-repeatable levels by time:
     D:1: 595 daAuts
     D:2: 309 daAuts
